 Dungeon Sprint DCSS version 0.17-a0-1830-g81820eb (webtiles) character file.

608 Kidiri the Blocker (level 7, -2/47 HPs)
             Began as a Gargoyle Fighter on Sept 13, 2015.
             Was an Initiate of Okawaru.
             Slain by an orange demon (8 damage)
             ... summoned by a kobold demonologist
             ... in the Dungeon (Sprint III: "The Ten Rune Challenge").
             The game lasted 00:03:33 (1052 turns).

Kidiri the Blocker (Gargoyle Fighter)               Turns: 1052, Time: 00:03:33

Health: -2/47      AC:  3    Str: 19    XL:     7   Next: 43%
Magic:  8/8        EV: 10    Int:  9    God:    Okawaru [......]
Gold:   27         SH: 11    Dex: 11    Spells: 0 memorised, 6 levels left

rFire  . . .     SeeInvis +     a - +0 flail
rCold  . . .     Rnd*Rage +     b - +0 scale mail
rNeg   + . .     SustAt   .     c - +0 shield
rPois  ∞         Gourm    .     (no helmet)
rElec  +         Spirit   .     (no cloak)
rCorr  .         Warding  .     (no gloves)
rMut   .         NoTele   +     m - +0 pair of boots
MR     .....                    (no amulet)
Stlth  ..........               (no ring)
                                (no ring)

@: corroded equipment, not resistant to hostile enchantments, extremely
unstealthy
A: slimy green scales 1, yellow scales 1, see invisible, berserk 1, negative
energy resistance 1, shaggy fur 1, electricity resistance, unbreathing,
petrification resistance, rot immunity, AC +4
a: Renounce Religion


You were in the Dungeon.
You worshipped Okawaru.
Okawaru was noncommittal.
You were full.

You visited 1 branch You collected 27 gold pieces.

Inventory:

Hand weapons
 a - a +0 flail (weapon)
Armour
 b - a +0 scale mail (worn)
 c - a +0 shield (worn)
 m - a +0 pair of boots (worn)
Scrolls
 k - a scroll of blinking
 n - 2 scrolls of immolation
Potions
 d - a potion of might
 f - 2 potions of curing
 h - a potion of haste
 i - 2 potions of magic
 j - 2 potions of berserk rage
 q - a potion of lignification
 r - 4 potions of flight
 t - a potion of cure mutation
Comestibles
 e - 2 bread rations
 p - 3 fruits


   Skills:
 + Level 6.7 Fighting
 * Level 8.0 Maces & Flails
 * Level 9.1 Armour
 + Level 4.2 Dodging
 * Level 9.2 Shields
 + Level 2.2 Invocations


You had 6 spell levels left.
You didn't know any spells.

Dungeon Overview and Level Annotations

Branches:
Dungeon (1/1)

Altars:
Elyvilon
Kikubaaqudgha
Okawaru
Sif Muna
Trog
Vehumet
Zin
The Shining One


Innate Abilities, Weirdness & Mutations

You are resistant to torment.
Your stone body is resilient (AC +4).
You are immune to poison.
You resist negative energy.
You are resistant to electric shocks.
You can survive without breathing.
You are immune to petrification.
You are immune to rotting.
You are partially covered in slimy green scales (AC +2).
You are partially covered in yellow scales (AC +2).
You have supernaturally acute eyesight.
You tend to lose your temper in combat.
You are covered in fur (AC +1).


Message History

Unknown command.
You hit the kobold demonologist but do no damage.
The kobold demonologist is moderately wounded.
The kobold demonologist misses you. You block the orange demon's attack.
The orange demon hits you but does no damage.
The crimson imp misses you. The rust devil hits you!
The rust devil corrodes you!
Unknown command.
You hit the kobold demonologist.
The kobold demonologist is severely wounded.
The kobold demonologist mumbles some strange words.
You block the orange demon's attack. The orange demon closely misses you.
The crimson imp misses you. The rust devil hits you!
* * * LOW HITPOINT WARNING * * *
The rust devil corrodes you!
You hit the kobold demonologist but do no damage.
The kobold demonologist is severely wounded.
The kobold demonologist casts a spell.
The orange demon stings you!
You die...

##.......#..#..#)..#...#
.##.##...#..#..###+#+###+##
.##.###..##+#..#..........#
####.##..###...'.⌠........#
##..##..####...#...######+#
....##..###....#.⌠.#
#..##...##.....#5..#
..##....#......#5###
.###..##?#.....#@K5# .#
#..#####....#445# ▓▓ ▓▓▓▓
▓▓▓▓▓▓▓▓▓▓


You could see an orange demon, a rust devil, a kobold demonologist, an iron imp,
2 crimson imps and a white imp.

Vanquished Creatures
  A deep elf priest (D)
  A water elemental (D)
  A wizard (D)
  A wolf (D)
  3 humans (D)
  2 oozes (D)
  2 rats (D)
11 creatures vanquished.

Vanquished Creatures (others)
  2 draconian scorchers (D)
  A yaktaur (D)
3 creatures vanquished.

Grand Total: 14 creatures vanquished

Notes
Turn   | Place    | Note
--------------------------------------------------------------
     0 | D        | Kidiri the Gargoyle Fighter began the quest for the Orb.
     0 | D        | Reached XP level 1. HP: 14/14 MP: 1/1
    10 | D        | Killed a yaktaur
    11 | D        | Reached skill level 4 in Armour
    11 | D        | Reached skill level 1 in Dodging
    11 | D        | Reached XP level 2. HP: 19/19 MP: 2/2
    88 | D        | Reached XP level 3. HP: 14/24 MP: 3/3
   161 | D        | Killed a white draconian scorcher
   200 | D        | Killed a white draconian scorcher
   268 | D        | Noticed a wolf
   283 | D        | Killed a wolf
   283 | D        | Reached skill level 5 in Armour
   283 | D        | Reached skill level 5 in Shields
   309 | D        | Gained mutation: You are partially covered in yellow scales (AC +2). [potion of mutation]
   309 | D        | Gained mutation: You have supernaturally acute eyesight. [potion of mutation]
   309 | D        | Gained mutation: You are partially covered in slimy green scales (AC +2). [potion of mutation]
   310 | D        | Gained mutation: You tend to lose your temper in combat. [potion of mutation]
   310 | D        | Gained mutation: You are covered in fur (AC +1). [potion of mutation]
   398 | D        | Noticed a water elemental
   421 | D        | Killed a water elemental
   421 | D        | Reached skill level 5 in Maces & Flails
   421 | D        | Reached skill level 6 in Shields
   421 | D        | Reached XP level 4. HP: 6/30 MP: 4/4
   670 | D        | Found an iron altar of Okawaru.
   670 | D        | Found a bloodstained altar of Trog.
   670 | D        | Noticed a human
   670 | D        | Noticed a human
   710 | D        | Killed a human
   710 | D        | Reached skill level 5 in Fighting
   710 | D        | Reached skill level 7 in Armour
   710 | D        | Reached XP level 5. HP: 16/35 MP: 5/5
   710 | D        | Reached XP level 6. HP: 18/40 MP: 6/6
   713 | D        | Killed a human
   713 | D        | Reached skill level 8 in Armour
   910 | D        | Became a worshipper of Warmaster Okawaru
   918 | D        | Found a glowing silver altar of Zin.
   919 | D        | Found a glowing golden altar of the Shining One.
   919 | D        | Found a white marble altar of Elyvilon.
   919 | D        | Noticed a deep elf priest
   930 | D        | Killed a deep elf priest
   930 | D        | Reached skill level 9 in Armour
   930 | D        | Reached XP level 7. HP: 35/47 MP: 6/8
  1028 | D        | Found a radiant altar of Vehumet.
  1029 | D        | Found a deep blue altar of Sif Muna.
  1029 | D        | Found an ancient bone altar of Kikubaaqudgha.
  1029 | D        | Noticed a wizard
  1036 | D        | Noticed an orange demon
  1037 | D        | Paralysed by a wizard for 5 turns
  1040 | D        | Noticed a rust devil
  1049 | D        | Killed a wizard
  1052 | D        | Slain by an orange demon

Vault maps used:
D:        dungeon_sprint_mu

Action                   |  1- 3 |  4- 6 |  7- 9 || total
-------------------------+-------+-------+-------++-------
Melee: Flail             |    54 |    35 |    18 ||   107
  Use: Potion            |     3 |       |       ||     3
       Scroll            |     4 |       |       ||     4
  Eat: Meat ration       |       |       |     1 ||     1
